General information
- name: BNet
- type: Ladder 1vs1/FFA
- host: Battle.net
- saver: MoronMoronMoron
map: MeltingValley
- players: 2
- length: 10:50
- speed: Fast
- version: 1.24 W3XP
- replay type: Public
» download(30 KB)
Players
team 1 (winner)
MoronMoronMoron (
purple | 77 APM | 839 actions | 10:50)
4 Goblin Tinker
2 Pocket Factory
2 Engineering Upgrade
» actions
| Assign group hotkey | 88 | |
| Basic commands | 25 | |
| Build / train | 49 | |
| ESC pressed | 2 | |
| Enter build submenu | 28 | |
| Enter hero's abilities submenu | 4 | |
| Give item / drop item | 3 | |
| Right click | 272 | |
| Select / deselect | 152 | |
| Select group hotkey | 164 | |
| Use ability | 52 | |
839 total
» units
| Peasant | 14 | |
| Footman | 7 | |
| Forest Troll Shadow Priest | 2 | |
| Forest Troll Berserker | 4 | |
| Goblin Shredder | 2 | |
29 total
» upgrades
| Defend | 1 | |
| Masonry | 1 | |
| Lumber Harvesting | 1 | |
3 total
» buildings
| Altar of Kings | 1 | |
| Farm | 14 | |
| Barracks | 1 | |
| Town Hall | 1 | |
| Scout Tower | 10 | |
| Arcane Tower | 2 | |
| Keep | 2 | |
| Lumber Mill | 1 | |
| Guard Tower | 5 | |
| Castle | 1 | |
| Gryphon Aviary | 3 | |
| Blacksmith | 1 | |
42 total
» build order
00:08 Altar of Kings
00:12 Farm
00:18 Barracks
00:52 Farm
01:50 Farm
02:12 Farm
03:09 Farm
04:05 Town Hall
04:49 Farm
04:58 Scout Tower
05:36 Arcane Tower
05:36 Arcane Tower
05:38 Keep
05:39 Scout Tower
05:41 Scout Tower
05:41 Scout Tower
06:46 Lumber Mill
07:43 Scout Tower
07:44 Scout Tower
07:47 Scout Tower
07:48 Scout Tower
08:32 Guard Tower
08:34 Castle
08:35 Guard Tower
08:37 Scout Tower
08:39 Scout Tower
08:40 Farm
08:40 Farm
08:41 Farm
08:42 Farm
09:09 Gryphon Aviary
09:09 Gryphon Aviary
09:13 Gryphon Aviary
09:25 Guard Tower
09:29 Farm
09:30 Farm
09:32 Farm
09:33 Farm
09:40 Blacksmith
10:24 Guard Tower
» items
team 2 (loser)
Lord_Salmonela (
yellow | 36 APM | 383 actions | 10:42)
3 Paladin
2 Holy Light
1 Devotion Aura
» actions
| Assign group hotkey | 11 | |
| Build / train | 34 | |
| Enter build submenu | 15 | |
| Enter hero's abilities submenu | 3 | |
| Right click | 107 | |
| Select / deselect | 121 | |
| Select group hotkey | 70 | |
| Use ability | 22 | |
383 total
» units
| Peasant | 6 | |
| Footman | 9 | |
| Rifleman | 4 | |
19 total
» upgrades
| Swords | 1 | |
| Plating | 1 | |
| Armor | 1 | |
| Masonry | 1 | |
| Long Rifles | 1 | |
| Gunpowder | 1 | |
| Lumber Harvesting | 1 | |
7 total
» buildings
| Barracks | 1 | |
| Farm | 7 | |
| Altar of Kings | 1 | |
| Scout Tower | 2 | |
| Blacksmith | 1 | |
| Arcane Tower | 1 | |
| Lumber Mill | 1 | |
| Keep | 1 | |
| Guard Tower | 1 | |
| Arcane Sanctum | 1 | |
17 total
» build order
00:19 Barracks
00:25 Farm
00:29 Altar of Kings
01:08 Farm
01:46 Scout Tower
02:41 Blacksmith
02:44 Farm
02:46 Arcane Tower
02:54 Lumber Mill
03:26 Farm
04:30 Scout Tower
05:13 Keep
05:15 Guard Tower
06:21 Farm
07:05 Farm
08:45 Farm
09:27 Arcane Sanctum
» items
Chat log
(00:43 / All) MoronMoronMoron: i eat my own poop i drink my own pee